AoeStats
← dumbcube

Arabia

510459544Analyzed
1v1 RM · 8h ago on Oct 1, 2026· 22m 15s· 2 players
Game mode
Random Map
Map size
Tiny (2 player)
Population
200
Speed
Normal
Resources
Standard
Victory
Conquest
Starting age
Dark Age
Ending age
Imperial Age
RankedLock teamsTeams togetherTeam positionsShared explorationLock speedFull tech treeHidden civsTurbo modeCheats
Victory
Defeat
🇨🇳 Armenians · China
571
+19
🇺🇸 Malians · United States
645
-19
MerDE
4:15 Loom
11:53 Feudal Age
11:54 Man-at-Arms
12:46 Long Swordsman
14:03 Horse Collar
18:16 Scale Mail Armor
21:33 Double-Bit Axe
21:41 Fletching
dumbcube
6:57 Loom
13:28 Feudal Age
14:29 Man-at-Arms
Connection lost

Rejoining the realm…

Still unreachable

The connection could not be restored.

Session expired

The server has moved on; the page needs a fresh start.